 Dungeon Sprint DCSS version 0.20.1-1-g8b1a95d (webtiles) character file.

130 equalderp2856 the Shield-Bearer (level 4, 0/47 HPs)
             Began as a Minotaur Fighter on Sept 5, 2017.
             Slain by a sky beast (6 damage)
             ... in the Dungeon (Sprint IX: "|||||||||||||||||||||||||||||").
             The game lasted 00:00:54 (226 turns).

equalderp2856 the Shield-Bearer (Minotaur Fighter)   Turns: 226, Time: 00:00:54

Health: 0/47       AC:  7    Str: 21    XL:     4   Next: 90%
Magic:  3/3        EV:  8    Int:  5    God:
Gold:   0          SH: 10    Dex: 10    Spells: 3/3 levels left

rFire    . . .     SeeInvis .   a - +0 war axe
rCold    . . .     Gourm    .   c - +0 shield
rNeg     . . .     Faith    .   b - +0 scale mail
rPois    .         Spirit   .   (helmet restricted)
rElec    .         Reflect  .   (no cloak)
rCorr    .         Harm     .   (no gloves)
MR       .....     NoTele   +   (no boots)
Stlth    ..........             (no amulet)
Regen    0.2/turn               (no ring)
MPRegen  0.1/turn               (no ring)

@: no status effects
A: retaliatory headbutt, horns 2
a: no special abilities


You were in the Dungeon.
You were not hungry.

You visited 1 branch

Inventory:

Hand Weapons
 a - a +0 war axe (weapon)
Armour
 b - a +0 scale mail (worn)
 c - a +0 shield (worn)
Potions
 d - a potion of might
 h - a potion of haste
 i - 2 potions of magic
 j - a potion of berserk rage
Comestibles
 f - a bread ration


   Skills:
 + Level 7.0 Fighting
 + Level 5.3 Axes
 + Level 7.1 Armour
 + Level 0.2 Dodging
 + Level 7.2 Shields


You had 3 spell levels left.
You didn't know any spells.

Dungeon Overview and Level Annotations

Branches:
Dungeon (1/1)

Altars:
Cheibriados
Dithmenos
Elyvilon
Fedhas
Gozag
Hepliaklqana
Kikubaaqudgha
Makhleb
Nemelex Xobeh
Okawaru
Qazlal
Ru
Sif Muna
Trog
Uskayaw
Vehumet
Xom
Yredelemnul
Zin
The Shining One
Beogh
Jiyva
Lugonu


Innate Abilities, Weirdness & Mutations

You reflexively headbutt those who attack you in melee.
You have a pair of horns on your head.


Message History

The sky beast barely misses you. You furiously retaliate!
You headbutt the sky beast. You hit the sky beast.
The sky beast is severely wounded.
The sky beast hits you but does no damage.
You closely miss the sky beast.
The sky beast is severely wounded.
The sky beast hits you but does no damage. x2
You hit the sky beast.
The sky beast is severely wounded.
You block the sky beast's attack.
You barely miss the sky beast.
The sky beast is severely wounded.
You block the sky beast's attack.
You slash the sky beast!
The sky beast is almost dead.
The sky beast hits you.
* * * LOW HITPOINT WARNING * * *
The sky beast shocks you.
You die...

▓'▓
▓!▓
▓?▓
▓|▓
▓)▓
▓[▓
▓W▓
▓Y▓
▓@▓
▓=▓
▓+▓


You could see a phantom and a sky beast.

Vanquished Creatures
  An ogre (D)
  An iguana (D)
  A gnoll (D)
  An ooze (D)
  An orc (D)
  A jackal (D)
  A bat (D)
  A kobold (D)
8 creatures vanquished.

Notes
Turn   | Place    | Note
-------+----------+-------------------------------------------
     0 | D        | equalderp2856 the Minotaur Fighter began the quest for the Orb.
     0 | D        | Reached XP level 1. HP: 19/19 MP: 0/0
    12 | D        | Reached XP level 2. HP: 19/28 MP: 1/1
   157 | D        | Noticed an ogre
   157 | D        | Noticed a phantom
   157 | D        | Noticed a sky beast
   163 | D        | Killed an ogre
   163 | D        | Reached skill level 5 in Axes
   163 | D        | Reached XP level 3. HP: 14/38 MP: 2/2
   163 | D        | Reached XP level 4. HP: 17/45 MP: 3/3
   175 | D        | HP: 1/45 [something (6)]
   178 | D        | Found a roughly hewn altar of Beogh.
   178 | D        | Found a snail-covered altar of Cheibriados.
   178 | D        | Found a shadowy altar of Dithmenos.
   178 | D        | Found a white marble altar of Elyvilon.
   178 | D        | Found a blossoming altar of Fedhas.
   178 | D        | Found an opulent altar of Gozag.
   179 | D        | Found a hazy altar of Hepliaklqana.
   180 | D        | Found a viscous altar of Jiyva.
   181 | D        | Found an ancient bone altar of Kikubaaqudgha.
   182 | D        | Found a corrupted altar of Lugonu.
   183 | D        | Found a burning altar of Makhleb.
   184 | D        | Found a sparkling altar of Nemelex Xobeh.
   185 | D        | Found an iron altar of Okawaru.
   186 | D        | Found a stormy altar of Qazlal.
   187 | D        | Found a sacrificial altar of Ru.
   188 | D        | Found a deep blue altar of Sif Muna.
   189 | D        | Found a bloodstained altar of Trog.
   190 | D        | Found a hide-covered altar of Uskayaw.
   191 | D        | Found a radiant altar of Vehumet.
   193 | D        | Found a shimmering altar of Xom.
   194 | D        | Found a basalt altar of Yredelemnul.
   195 | D        | Found a glowing silver altar of Zin.
   196 | D        | Found a glowing golden altar of the Shining One.
   226 | D        | Slain by a sky beast

Skill      XL: |  1  2  3  4 |
---------------+-------------+-----
Shields        | 4 6 7 |  7.2
Fighting       | 4 6 7 |  7.0
Armour         | 4 6 7 |  7.1
Axes           | 5 |  5.3
Dodging        | |  0.2

Action                   |  1- 3 |  4- 6 || total
-------------------------+-------+-------++-------
Melee: War axe           |    21 |    20 ||    41
       Headbutt          |     3 |     1 ||     4
  Use: Potion            |       |     2 ||     2
       Scroll            |       |     1 ||     1
Armor: Scale mail        |     8 |     5 ||    13
Dodge: Dodged            |     6 |     4 ||    10
Block: Shield            |     7 |     8 ||    15
